 Dungeon Crawl Stone Soup version 0.31-a0-844-gdc52ec4e09 (webtiles) character file.

Game seed: 9105226751038161864

2648 Kurtz the Cleaver (level 9, -6/56 HPs)
             Began as an Octopode Fighter on Sept 29, 2023.
             Was a Priest of Okawaru.
             Mangled by a killer bee (9 damage)
             ... on level 7 of the Dungeon.
             The game lasted 00:12:34 (6340 turns).

Kurtz the Cleaver (Octopode Fighter)                Turns: 6340, Time: 00:12:35

Health: -6/56      AC:  2    Str: 19    XL:     9   Next: 62%
Magic:  11/12      EV: 16    Int: 16    God:    Okawaru [***...]
Gold:   329        SH:  6    Dex: 14    Spells: 8/8 levels left

rFire   + . .        f - +4 war axe
rCold   + . .        b - +0 buckler
rNeg    + + .        L - +1 hat
rPois   .            q - amulet of magic regeneration
rElec   .            e - ring of protection from cold
rCorr   .            l - ring of positive energy
SInv    .            o - ring of flight
Will    +....        D - ring of willpower
Stlth   ++++         I - ring of protection from fire
HPRegen 0.29/turn    G - +6 ring of intelligence
MPRegen 0.53/turn    K - ring of positive energy
                     (no ring)

%: no passive effects
@: lethally poisoned (-6 -> -19), heroic, flying
A: almost no armour, amphibious, 8 rings, camouflage 1, gelatinous body 1,
(nimble swimmer 1), tentacles, strong 1
a: Renounce Religion, Heroism


You were on level 7 of the Dungeon.
You worshipped Okawaru.
Okawaru was most pleased with you.
You visited 1 branch of the dungeon, and saw 7 of its levels.
You also visited: Sewer.

You collected 553 gold pieces.
You spent 224 gold pieces at shops.

Inventory:

Hand Weapons
 a - a +0 war axe
 f - a +4 war axe (weapon)
 E - a +3 flail of holy wrath
Missiles
 g - 3 curare-tipped darts
 p - 29 poisoned darts (quivered)
Armour
 b - a +0 buckler (worn)
 L - a +1 hat (worn)
Jewellery
 e - a ring of protection from cold (left tentacle)
 l - a ring of positive energy (right tentacle)
 o - a ring of flight (on tentacle)
 q - an amulet of magic regeneration (around mantle)
 D - a ring of willpower (on tentacle)
 G - a +6 ring of intelligence (on tentacle)
 I - a ring of protection from fire (on tentacle)
 K - a ring of positive energy (on tentacle)
Wands
 B - a wand of mindburst (10)
Scrolls
 h - a scroll of poison {unknown}
 i - 2 scrolls of enchant armour {unknown}
 j - 4 scrolls of teleportation {unknown}
 k - 4 scrolls of identify {unknown}
 m - a scroll of amnesia {unknown}
 s - a scroll of summoning {unknown}
 t - 2 scrolls of vulnerability {unknown}
 x - a scroll of blinking {unknown}
 y - 2 scrolls of immolation {unknown}
 C - a scroll of fear {unknown}
Potions
 c - a potion of might
 n - a potion of mutation
 r - 4 potions of heal wounds
 u - a potion of cancellation {unknown}
 v - a potion of berserk rage {unknown}
 w - 2 potions of haste {unknown}
 z - a potion of resistance {unknown}
 A - a potion of attraction {unknown}
 F - 2 potions of degeneration {unknown}
 H - a potion of curing
 J - a potion of invisibility {unknown}


   Skills:
 - Level 3.0(8.0) Fighting
 * Level 12.2(17.2) Axes
 - Level 3.0(8.0) Dodging
 - Level 3.0(8.0) Shields
 * Level 4.2 Invocations


You had 8 spell levels left.
You didn't know any spells.
Your spell library contained the following spells:

 Spells                   Type           Power      Damage    Failure   Level
 Necrotise                Necr           0%         1d4       30%         1
 Ensorcelled Hibernation  Hex/Ice        0%         N/A       41%         2
 Jinxbite                 Hex            0%         N/A       41%         2
 Passwall                 Tmut/Erth      0%         N/A       41%         2
 Sublimation of Blood     Necr           0%         N/A       41%         2
 Swiftness                Air            0%         N/A       65%         3
 Vampiric Draining        Necr           0%         2d6       65%         3
 Volatile Blastmotes      Fire/Tloc      0%         2d10      65%         3
 Anguish                  Hex/Necr       0%         N/A       96%         4
 Fulminant Prism          Conj/Hex       0%         3d5       96%         4
 Iskenderun's Mystic Bla  Conj/Tloc      0%         2d3       96%         4
 Petrify                  Tmut/Erth      0%         N/A       96%         4
 Vhi's Electric Charge    Tloc/Air       0%         N/A       96%         4
 Agony                    Necr           0%         N/A       100%        5
 Arcjolt                  Conj/Air       0%         1d10      100%        5
 Irradiate                Conj/Tmut      0%         3d11      100%        5
 Plasma Beam              Fire/Air       0%         2x1d10    100%        6


Dungeon Overview and Level Annotations

Branches:
Dungeon (7/15)             Temple (0/1) D:6           Sewer (visited)

Altars:
Ashenzari
Dithmenos
Kikubaaqudgha
Makhleb
Okawaru
Trog
Wu Jian
Yredelemnul
The Shining One

Shops:
D:3 *   D:6 *

Annotations:
D:5 Dowan, Duvessa
D:6 2 runed translucent doors, croobank's ghost, weakling GnDe


Innate Abilities, Weirdness & Mutations

You cannot wear most types of armour.
You are amphibious.
You can wear up to eight rings at the same time.
Your skin changes colour to match your surroundings (Stealth+).
Your rubbery body absorbs attacks. (AC +1, EV +1)
((You are camouflaged when in or above water. (Stealth+)))
You have tentacles for arms and can constrict up to eight enemies at once.
Your muscles are strong. (Str +4, Int/Dex -1)


Message History

You are poisoned.
The killer bee poisons you!
You miss the killer bee. Your grab misses the killer bee.
Your squeeze misses the killer bee. You slash the killer bee!
You feel sick. The killer bee stings you.
You are more poisoned.
The killer bee poisons you! The killer bee stings you!
The killer bee stings you but does no damage.
You block the killer bee's attack.
Okay, then.
You gain the combat prowess of a mighty hero.
You can no longer speed up your combat.
You feel very sick. The killer bee stings you.
The killer bee barely misses you. The killer bee stings you. x2
You are lethally poisoned!
The killer bee poisons you!
The killer bee buzzes angrily.
You feel better.
You hear an angry buzzing noise.
The killer bee stings you.
You are poisoned.
The killer bee poisons you! The killer bee completely misses you.
The killer bee stings you but does no damage.
You block the killer bee's attack.
The killer bee stings you but does no damage.
The killer bee stings you.
Unknown command.
Okay, then.
As you read the scroll labelled CEROEZ PIOS, it crumbles to dust.
You hear a loud clanging noise!
It was a scroll of noise.
You feel sick.
You hear an angry hiss.
The killer bee stings you.
* * * LOW HITPOINT WARNING * * *
You are lethally poisoned!
The killer bee poisons you! The killer bee stings you!
* * * LOW HITPOINT WARNING * * *
The killer bee closely misses you. The killer bee stings you!
You die...

##.# #..........#
#.# #.########## .#
#.# #### ####[# #..
#....# #.# #.####
##.## #.# #.s[# #.#
###y#.#
#.###.####y@.#...
#.........y#####y..
#####.####...# y.s#
#.# ###.# .... #.#
... .##. #.. .##
#### .# . ##


You could see a scorpion and 3 killer bees.

Vanquished Creatures
  A steam dragon (D:7)
  Edmund (D:5)
  2 ice beasts
  A centaur (D:7)
  An ogre (D:5)
  6 phantoms
  Blork the orc (D:5)
  3 kobold brigands
  2 bullfrogs
  2 scorpions
  A necrophage (D:6)
  4 wights (D:6)
  A howler monkey (D:4)
  2 bullfrog zombies (D:6)
  8 hounds
  An orc priest (D:6)
  3 iguanas
  An orc wizard (D:6)
  A bullfrog simulacrum (D:6)
  A centaur simulacrum (D:6)
  4 gnolls (D:5)
  3 river rats
  9 adders
  A white imp (D:6)
  2 ufetubi
  A worm (D:4)
  2 dart slugs
  27 orcs
  8 ball pythons
  6 bats
  3 bat zombies (D:4)
  9 endoplasms
  6 giant cockroaches
  3 hobgoblins
  2 jackals
  7 quokkas
  4 frilled lizards
  7 goblins
  29 kobolds
  9 rats
  3 rat zombies (D:4)
188 creatures vanquished.

Notes
Turn   | Place    | Note
-------+----------+-------------------------------------------
     0 | D:1      | Kurtz the Octopode Fighter began the quest for the Orb.
     0 | D:1      | Reached XP level 1. HP: 16/16 MP: 1/1
   126 | D:1      | Reached XP level 2. HP: 11/21 MP: 2/2
   135 | D:1      | Reached skill level 3 in Axes
   478 | D:1      | Reached XP level 3. HP: 23/26 MP: 3/3
  1263 | D:2      | Reached skill level 4 in Axes
  1533 | D:3      | Found a faded altar of an unknown god.
  1607 | D:3      | Reached XP level 4. HP: 31/31 MP: 4/4
  1630 | D:3      | Found Izejo's Assorted Antiques.
  1635 | D:3      | Bought a lumpy purple potion for 24 gold pieces
  2028 | D:3      | Found an iron altar of Okawaru.
  2035 | D:3      | Became a worshipper of Warmaster Okawaru
  2280 | D:4      | Reached skill level 5 in Axes
  2280 | D:4      | Reached XP level 5. HP: 35/36 MP: 5/5
  2356 | D:4      | Found an ornate altar of the Wu Jian Council.
  2386 | D:4      | Found a broken altar of Ashenzari.
  2463 | D:4      | Found a shadowy altar of Dithmenos.
  2469 | D:4      | Reached skill level 1 in Invocations
  2471 | D:4      | Noticed a phantom
  2510 | D:4      | Killed a phantom
  2511 | D:4      | Reached skill level 6 in Axes
  2511 | D:4      | Reached XP level 6. HP: 36/42 MP: 6/6
  2592 | D:4      | Found a glowing drain.
  2596 | Sewer    | Entered a sewer
  2608 | Sewer    | Reached * piety under Okawaru
  2908 | Sewer    | Reached skill level 7 in Axes
  2908 | Sewer    | Reached XP level 7. HP: 30/46 MP: 8/8
  3398 | D:4      | Found an ancient bone altar of Kikubaaqudgha.
  3417 | D:5      | Entered Level 5 of the Dungeon
  3419 | D:5      | Found a basalt altar of Yredelemnul.
  3482 | D:5      | Found a glowing golden altar of the Shining One.
  3499 | D:5      | Noticed Edmund
  3504 | D:5      | Killed Edmund
  3505 | D:5      | Reached skill level 8 in Axes
  3767 | D:5      | Reached ** piety under Okawaru
  3777 | D:5      | Reached XP level 8. HP: 41/52 MP: 7/9
  3787 | D:5      | Reached skill level 9 in Axes
  3944 | D:5      | Noticed Blork the orc
  3952 | D:5      | Killed Blork the orc
  4187 | D:5      | Found a bloodstained altar of Trog.
  4187 | D:5      | Noticed Duvessa
  4187 | D:5      | Noticed Dowan
  4379 | D:6      | Gained mutation: Your muscles are strong. (Str +4, Int/Dex
                  | -1) [potion of mutation]
  4557 | D:6      | Reached skill level 10 in Axes
  4600 | D:6      | Reached *** piety under Okawaru
  4792 | D:6      | Reached XP level 9. HP: 50/56 MP: 11/11
  4868 | D:6      | Reached skill level 11 in Axes
  5040 | D:6      | Identified the +3 dagger "Ziwneale" {pain, rC+}
  5144 | D:6      | Found Iwagigu's Assorted Antiques.
  5148 | D:6      | Bought a potion of curing for 75 gold pieces
  5148 | D:6      | Bought a silver ring for 125 gold pieces
  5347 | D:6      | Found a staircase to the Ecumenical Temple.
  5366 | D:6      | Found a large runed translucent door.
  5366 | D:6      | Found a large runed translucent door.
  5370 | D:6      | Noticed croobank's ghost (weakling GnDe)
  6033 | D:7      | Found a burning altar of Makhleb.
  6188 | D:7      | Reached skill level 12 in Axes
  6300 | D:7      | Reached **** piety under Okawaru
  6340 | D:7      | Mangled by a killer bee

Illustrated notes

Levels and vault maps discovered:
D:1:      roderic_dead_forest, layout_loops_ring, minmay_octomino_c4
D:2:      layout_loops_corners
D:3:      layout_rooms, lemuel_crystal_altar, serial_shops,
          nicolae_shop_hallway_plus, shapermc_ecumenical_altar_acropolis,
          serial_bayou_lagoon_b
D:4:      layout_basic, old_standard_altar,
          mainiacjoe_overflow_concentric_impassable, mainiacjoe_overflow_paths,
          lemuel_zombie_altar_kikubaaqudgha, portal_sewer_entry_e,
          dreamdust_wishing_well
D:5:      layout_loops_ring, mainiacjoe_overflow_six_doors_small,
          nicolae_uskayaw_en_pointe, doesnt_xom_only_xom,
          mainiacjoe_overflow_tiny_flanked, minmay_diced_spiral, uniq_duvessa,
          uniq_edmund, uniq_blork_the_orc
D:6:      layout_basic, minmay_temple_entry_antechambers, serial_shops, shop,
          ebering_ghost_disaster_area, dilly_guarded_unrand_morg
D:7:      layout_loops_ring, makhleb_heckhound_becter,
          nicolae_shop_sticking_my_neck_out

Skill      XL: |  1  2  3  4  5  6  7  8  9 |
---------------+----------------------------+-----
Axes           | 3 4 5 6 7 8 10 12 | 12.2
Invocations    | 1 2 3 4 |  4.2
Fighting       | |  3.0
Dodging        | |  3.0
Shields        | |  3.0

Action                     |  1- 3 |  4- 6 |  7- 9 || total
---------------------------+-------+-------+-------++-------
  Melee: War axe           |    77 |   118 |    99 ||   294
         Constrict         |    21 |    27 |    39 ||    87
         Tentacles         |    13 |    19 |    35 ||    67
         Punch             |     3 |     1 |     4 ||     8
         Flail             |       |       |   102 ||   102
  Throw: Dart              |       |       |     1 ||     1
 Invoke: Heroism           |       |       |     4 ||     4
  Evoke: Wand              |       |       |     6 ||     6
    Use: Potion            |       |     3 |     9 ||    12
         Scroll            |       |       |     1 ||     1
   Stab: Sleeping          |     8 |     4 |     5 ||    17
         Distracted        |       |     2 |       ||     2
 Armour: Skin              |    27 |    45 |   127 ||   199
  Dodge: Dodged            |    53 |    65 |    85 ||   203
  Block: Buckler           |    14 |    18 |    44 ||    76

Table legend: (Time is in decaauts)
 A = Elapsed time spent in this place.
 B = Non-inter-level travel time spent in this place.
 C = Inter-level travel time spent in this place.
 D = Time resting spent in this place.
 E = Time spent auto-exploring this place.
 F = Levels seen in this place.
 G = Mean time per level.
                   A        B        C        D        E       F      G
               +--------+--------+--------+--------+--------+-----+--------+
         Total |   6409 |   6295 |    114 |    878 |   4061 |   8 |  801.1 |
       Dungeon |   5954 |   5840 |    114 |    765 |   3877 |   7 |  850.6 |
         Sewer |    455 |    455 |      0 |    113 |    184 |   1 |  455.0 |
               +--------+--------+--------+--------+--------+-----+--------+

Top non-repeatable levels by time:
     D:6: 1571 daAuts
     D:1: 789 daAuts
     D:5: 786 daAuts
     D:2: 772 daAuts
     D:3: 744 daAuts
     D:4: 718 daAuts
     D:7: 571 daAuts
   Sewer: 455 daAuts
